 Dungeon Crawl Stone Soup version 0.25-a0-84-g11f2770c52 (webtiles) character file.

Game seed: 5237956287096191791, levelgen mode: deterministic

11 Flugkiller the Cutter (level 2, -1/18 HPs)
             Began as a Deep Elf Abyssal Knight on Nov 7, 2019.
             Was a Follower of Lugonu.
             Slain by a hobgoblin (4 damage)
             ... on level 1 of the Dungeon.
             The game lasted 00:00:49 (266 turns).

Flugkiller the Cutter (Deep Elf Abyssal Knight)      Turns: 266, Time: 00:00:49

Health: -1/18      AC:  3    Str:  9    XL:     2   Next: 13%
Magic:  5/5        EV: 17    Int: 16    God:    Lugonu [*.....]
Gold:   22         SH:  0    Dex: 19    Spells: 1/1 levels left

rFire    . . .     SeeInvis .   a - +1 short sword
rCold    . . .     Gourm    .   (no shield)
rNeg     . . .     Faith    .   b - +0 leather armour
rPois    .         Spirit   .   (no helmet)
rElec    .         Reflect  .   (no cloak)
rCorr    .         Harm     .   (no gloves)
MR       .....                  (no boots)
Stlth    ++........             (no amulet)
HPRegen  0.06/turn              (no ring)
MPRegen  0.09/turn              (no ring)

@: agile
A: no striking features
a: Depart the Abyss, Renounce Religion


You were on level 1 of the Dungeon.
You worshipped Lugonu.
Lugonu was aware of your devotion.
You were not hungry.

You visited 1 branch of the dungeon, and saw 1 of its levels.
You visited the Abyss 1 time.

You collected 22 gold pieces.

Inventory:

Hand Weapons
 a - a +1 short sword (weapon)
Missiles
 e - 20 poisoned darts (quivered)
Armour
 b - a +0 leather armour (worn)
Jewellery
 h - an uncursed ring of positive energy {unknown}
   (You found it on level 1 of the Dungeon)
Scrolls
 g - 2 scrolls of amnesia {unknown}
Comestibles
 c - 2 rations
 f - 4 chunks of flesh


   Skills:
 - Level 2.4 Fighting
 + Level 2.9 Short Blades
 - Level 0.7 Armour
 - Level 2.4 Dodging
 - Level 2.0 Invocations


You had one spell level left.
You didn't know any spells.
Your spell library was empty.

Dungeon Overview and Level Annotations

Branches:
Dungeon (1/15)

Altars:


Message History

You barely miss the jackal. The jackal bites you. x2
You hit the jackal.
The jackal is heavily wounded.
The jackal barely misses you.
You barely miss the jackal.
The jackal is heavily wounded.
The jackal closely misses you.
The jackal bites you but does no damage.
You barely miss the jackal.
The jackal is heavily wounded.
The jackal bites you but does no damage.
You hit the jackal.
You kill the jackal!
Lugonu accepts your kill.
You closely miss the jackal. The jackal barely misses you.
The jackal closely misses you.
You barely miss the jackal. The jackal bites you.
* * * LOW HITPOINT WARNING * * *
You hit the jackal.
The jackal is almost dead.
The jackal bites you.
* * * LOW HITPOINT WARNING * * *
Throwing (i - inventory)
e - 22 poisoned darts (quivered)
Press: ? - help, Shift-Dir - straight line, f - jackal
Aim: a jackal You throw a poisoned dart.
The poisoned dart barely misses the jackal.
The poisoned dart hits the jackal.
The jackal barely misses you. The jackal closely misses you.
Unknown command.
Throwing (i - inventory)
e - 21 poisoned darts (quivered)
Press: ? - help, Shift-Dir - straight line, f/p - jackal
Aim: a jackal You throw a poisoned dart.
The poisoned dart hits the jackal.
The jackal is poisoned.
The jackal is almost dead.
The jackal bites you.
* * * LOW HITPOINT WARNING * * *
The jackal bites you.
* * * LOW HITPOINT WARNING * * *
You kill the jackal!
Lugonu accepts your kill.
Unknown command.
It was a potion of agility.
You feel agile all of a sudden.
You closely miss the hobgoblin. The hobgoblin barely misses you.
You closely miss the hobgoblin. The hobgoblin hits you.
* * * LOW HITPOINT WARNING * * *
You closely miss the hobgoblin. The hobgoblin hits you.
You die...

####.#....#.##........#
##.#.###..#.##.#÷..##.#
..........#........#
.#...####.####.#...#
.#........##......#####
...#.###..##..........#
.................###..#
.P≈≈≈≈≈≈≈≈P..###.# #..#
.≈≈≈≈≈≈≈≈≈≈.####@########## #
.≈≈≈≈≈≈≈≈≈≈......gh(†#..?.# ..
..≈≈≈≈÷≈≈≈P..#######(##...##.#
.............# #.........#
..≈≈≈≈≈≈≈≈P..# #......##.
.≈≈≈≈≈≈≈≈≈≈..# #......$.....
.≈≈≈≈≈≈≈≈≈≈..# #.....%.##.##
.P≈≈≈≈≈≈≈≈P..# #######.#
.............# ..#


You could see a jackal and a hobgoblin.

Vanquished Creatures
  A bat (D:1)
  A giant cockroach (D:1)
  A goblin (D:1)
  3 jackals (D:1)
  2 frilled lizards (D:1)
  A kobold (D:1)
  A rat (D:1)
10 creatures vanquished.

Notes
Turn   | Place    | Note
-------+----------+-------------------------------------------
     0 | Abyss:1  | Flugkiller the Deep Elf Abyssal Knight began the quest for
                  | the Orb.
     0 | Abyss:1  | Reached XP level 1. HP: 13/13 MP: 4/4
    33 | D:1      | Escaped the Abyss
   249 | D:1      | Reached XP level 2. HP: 15/18 MP: 5/5
   266 | D:1      | Slain by a hobgoblin

Levels and vault maps discovered:
D:1:      giann_bridges, layout_basic, kennysheep_pointless_box

Action                   || total
-------------------------++-------
Melee: Short sword       ||    34
Throw: Dart              ||     2
  Use: Potion            ||     1
Armor: Leather armour    ||     7
Dodge: Dodged            ||    29

Table legend:
 A = Non-vault XP
 B = Vault XP
 C = Vault XP percentage of total XP
 D = Non-vault monster count
 E = Vault monster count
 F = Vault count percentage of total count
                 A         B        C        D         E       F
            +---------+---------+-------+---------+---------+-------
      Total |      16 |       0 |   0.0 |      10 |       0 |   0.0
            +---------+---------+-------+---------+---------+-------
        D:1 |      16 |       0 |   0.0 |      10 |       0 |   0.0
            +---------+---------+-------+---------+---------+-------
